 Seeded DCSS version 0.30-a0-540-g0af01429fa (webtiles) character file.

Game seed: 7699610741405272615 (custom seed)

1 purpskrrrp the Trooper (level 1, -1/24 HPs)
             Began as an Ogre Berserker on Dec 25, 2022.
             Was a Follower of Trog.
             Slain by a ball python (2 damage)
             ... on level 1 of the Dungeon.
             The game lasted 00:00:25 (33 turns).

purpskrrrp the Trooper (Ogre Berserker)               Turns: 33, Time: 00:00:26

Health: -1/24      AC:  3    Str: 20    XL:     1   Next: 20%
Magic:  1/1        EV: 10    Int:  8    God:    Trog [*.....]
Gold:   0          SH:  0    Dex:  8    Spells: 0/0 levels left

rFire   . . .      SeeInvis .    a - +0 mace
rCold   . . .      Faith    .    (no shield)
rNeg    . . .      Spirit   .    b - +0 animal skin
rPois   .          Reflect  .    (helmet restricted)
rElec   .          Harm     .    (no cloak)
rCorr   .          Rampage  .    (gloves unavailable)
Will    .....                    (boots unavailable)
Stlth   +                        (no amulet)
HPRegen 0.24/turn                (no ring)
MPRegen 0.07/turn                (no ring)

@: no status effects
A: large, unfitting armour, tough skin 1
a: Renounce Religion, Berserk


You were on level 1 of the Dungeon.
You worshipped Trog.
Trog was aware of your devotion.
You visited 1 branch of the dungeon, and saw 1 of its levels.

Inventory:

Hand Weapons
 a - a +0 mace (weapon)
Armour
 b - a +0 animal skin (worn)


   Skills:
 * Level 4.0 Fighting
 + Level 2.7 Maces & Flails
 + Level 2.7 Dodging


You couldn't memorise any spells.
You didn't know any spells.
Your spell library was empty.

Dungeon Overview and Level Annotations

Branches:
Dungeon (1/15)

Altars:


Innate Abilities, Weirdness & Mutations

You are too large for most types of armour.
You have tough skin. (AC +1)


Message History

You are too injured to fight recklessly!
You are too injured to fight recklessly!
You are too injured to fight recklessly!
You are too injured to fight recklessly!
You are too injured to fight recklessly!
You are too injured to fight recklessly!
You are too injured to fight recklessly!
You are too injured to fight recklessly!
You are too injured to fight recklessly!
You are too injured to fight recklessly!
You closely miss the bat. The bat closely misses you.
The frilled lizard bites you but does no damage.
The kobold barely misses you. The ball python closely misses you.
The frilled lizard bites you but does no damage.
The kobold hits you with a +0 whip.
You closely miss the frilled lizard. The bat hits you.
The ball python bites you. The frilled lizard closely misses you.
The kobold hits you with a +0 whip.
* * * LOW HITPOINT WARNING * * *
You closely miss the bat. The bat hits you but does no damage.
The ball python barely misses you.
The frilled lizard bites you but does no damage.
The kobold hits you with a +0 whip.
* * * LOW HITPOINT WARNING * * *
The ball python barely misses you. The kobold attacks as you move away!
The kobold closely misses you. The bat hits you but does no damage.
The frilled lizard bites you.
* * * LOW HITPOINT WARNING * * *
You aren't carrying any potions.
You aren't carrying any scrolls.
The frilled lizard attacks as you move away!
The frilled lizard bites you but does no damage.
The bat hits you.
* * * LOW HITPOINT WARNING * * *
You completely miss the bat. The bat barely misses you.
The bat hits you but does no damage. The bat barely misses you.
You hit the bat but do no damage. The bat closely misses you.
The ball python closely misses you.
You barely miss the ball python. The ball python bites you.
You die...

###### #....#
#....## #.....
#....#
#....##########
####..........# .
#..........#
....#####@.........#
......)bS####.###.##
........K......##.#
...........##.....#
....?...#####'#####
...#.##.#.......).#
..... ..#.........#
.... ..#..⌠...⌠..#
... ...#.........#


You could see a bat, a ball python and a kobold.

Vanquished Creatures
  A goblin (D:1)
1 creature vanquished.

Notes
Turn   | Place    | Note
-------+----------+-------------------------------------------
     0 | D:1      | purpskrrrp the Ogre Berserker began the quest for the Orb.
     0 | D:1      | Reached XP level 1. HP: 24/24 MP: 1/1
    29 | D:1      | HP: 1/24 [frilled lizard (3)]
    33 | D:1      | Slain by a ball python

Illustrated notes

Levels and vault maps discovered:
D:1:      mushboom_english_gardens, layout_rooms

Action                   || total
-------------------------++-------
Melee: Mace              ||    12
Armor: Animal skin       ||     7
Dodge: Dodged            ||    21

Table legend: (Time is in decaauts)
 A = Elapsed time spent in this place.
 B = Non-inter-level travel time spent in this place.
 C = Inter-level travel time spent in this place.
 D = Time resting spent in this place.
 E = Time spent auto-exploring this place.
 F = Levels seen in this place.
 G = Mean time per level.
                   A        B        C        D        E       F      G
               +--------+--------+--------+--------+--------+-----+--------+
         Total |     36 |     36 |      0 |      0 |     16 |   1 |   36.0 |
       Dungeon |     36 |     36 |      0 |      0 |     16 |   1 |   36.0 |
               +--------+--------+--------+--------+--------+-----+--------+

Top non-repeatable levels by time:
     D:1: 36 daAuts
